 Dungeon Crawl Stone Soup version 0.22.0-35-ge4bf2f5f59 (webtiles) character file.

8435 Rrauwl the Carver (level 11, -2/84 HPs)
             Began as a Formicid Fighter on Aug 24, 2018.
             Was an Elder of Ru.
             Slain by an ice devil (21 damage)
             ... in an ice cave.
             The game lasted 00:34:00 (10972 turns).

Rrauwl the Carver (Formicid Fighter)               Turns: 10972, Time: 00:34:01

Health: -2/84      AC: 18    Str: 24    XL:     11   Next: 55%
Magic:  15/15      EV:  7    Int:  8    God:    Ru [****..]
Gold:   849        SH:  0    Dex: 10    Spells: 10/10 levels left

rFire    + . .     SeeInvis +   a - +3 long sword (holy)
rCold    . . .     Gourm    .   (shield unavailable)
rNeg     . . .     Faith    .   n - +2 plate armour {rF+}
rPois    .         Spirit   .   (helmet unavailable)
rElec    .         Reflect  .   D - scarf {repulsion}
rCorr    .         Harm     .   p - +1 pair of gloves
MR       +....                  (no boots)
Stlth    ..........             j - amulet of magic regeneration
HPRegen  0.24/turn              (ring unavailable)
MPRegen  0.39/turn              (no ring)

@: exhausted, drained, repel missiles
A: permanent stasis, dig shafts and tunnels, four strong arms, antennae 3,
hooves 1, thin metallic scales 1, missing a hand, no ice magic, no necromancy
magic, no translocations magic
a: Dig, Shaft Self, Draw Out Power, Power Leap, Renounce Religion


You were in an ice cave.
You worshipped Ru.
Ru was greatly pleased with you.
You were not hungry.

You visited 3 branches of the dungeon, and saw 13 of its levels.
You also visited: Ice Cave.

You collected 849 gold pieces.

Inventory:

Hand Weapons
 a - a +3 long sword of holy wrath (weapon)
Missiles
 f - 147 bolts
 v - 12 tomahawks (quivered)
Armour
 n - a +2 plate armour of fire resistance (worn)
 p - a +1 pair of gloves (worn)
 D - a scarf of repulsion (worn)
Jewellery
 j - an amulet of magic regeneration (around neck)
Wands
 E - a wand of flame (23)
Scrolls
 g - a scroll of fear
 i - 5 scrolls of remove curse
 k - 10 scrolls of identify
 o - a scroll of immolation
 s - 2 scrolls of fog
 y - a scroll of magic mapping
Potions
 b - 3 potions of flight
 m - 4 potions of curing
 q - a potion of lignification
 C - a potion of magic
Comestibles
 e - 10 rations


   Skills:
 - Level 7.0(6.6) Fighting
 + Level 11.8(11.3) Long Blades
 - Level 6.0(5.7) Armour
 - Level 2.0(1.7) Dodging
   Level 0.0 Shields
 - Level 6.0(5.7) Evocations


You had 10 spell levels left.
You didn't know any spells.
Your spell library contained the following spells:

 Spells                   Type           Power        Failure   Level  Hunger
 Corona                   Hex            #......      100%        1    ##.....
 Slow                     Hex            #.......     100%        2    ###....
 Inner Flame              Hex/Fire       #.......     100%        3    ####...
 Cause Fear               Hex            #.........   100%        4    #####..
 Leda's Liquefaction      Hex/Erth       #.........   100%        4    #####..
 Portal Projectile        Hex/Tloc       Unusable     N/A         3    N/A

Dungeon Overview and Level Annotations

Branches:
Dungeon (10/15)            Temple (1/1) D:7            Lair (0/6) D:10
    Orc (2/2) D:10
    Elf: Orc:2

Altars:
Ashenzari
Cheibriados
Dithmenos
Elyvilon
Fedhas
Gozag
Hepliaklqana
Kikubaaqudgha
Makhleb
Nemelex Xobeh
Okawaru
Qazlal
Ru
Sif Muna
Trog
Uskayaw
Vehumet
Wu Jian
Xom
Yredelemnul
Zin
The Shining One


Innate Abilities, Weirdness & Mutations

You cannot be hasted, slowed, berserked, paralysed or teleported.
You can dig through walls and to a lower floor.
Your four strong arms can wield two-handed weapons with a shield.
You have a pair of large antennae on your head. (SInv)
You are missing a hand.
You cannot study or cast Ice magic.
You cannot study or cast Necromancy magic.
You cannot study or cast Translocations magic.
You have large cloven feet.
You are partially covered in thin metallic scales. (AC +2)


Message History

The ice devil is almost dead.
You hit the ice devil.
The ice devil convulses!
You kill the ice devil!
You are restored by drawing out deep reserves of power within.
You feel drained.
The ice devil hits you but does no damage.
You slash the ice devil!
The ice devil convulses!
The ice devil is severely wounded.
The ice devil completely misses you.
Your plate armour prevents you from hitting the ice devil.
You kick the ice devil, but do no damage.
The ice devil is severely wounded.
The ice devil hits you. The ice devil freezes you!!
* * * LOW HITPOINT WARNING * * *
You hit the ice devil but do no damage. Your kick misses the ice devil.
The ice devil is severely wounded.
The ice devil hits you.
* * * LOW HITPOINT WARNING * * *
The ice devil freezes you!!
You die...

##.....##§§##§§ ≈≈≈#
##....# ##### §≈≈≈≈
##..## ##.§§##§≈≈≈≈≈≈
####...# #.§§§§##§≈≈≈≈≈
#.....## ##§§§≈..#≈≈####
####..# #.§§§§..####
####...# ##§§#§4..#
##..#..## #.§.4#§.##
##...#..# #..#@##§#
#.......# ##.##.4#.#§§#
##..##...# #..#..§§§§§§§
#...###..# #.....§§§§§§§
#..## #.## #...#.§§####§
#..#....# #...#.§...§.
#..##.... ##...#.....§.
##..#....##....###..#..≈
#..##..)##.§§§§.##.#§.#


You could see 2 ice devils.

Vanquished Creatures
  An unseen horror (D:10)
  2 ice statues (IceCv)
  4 ice devils (IceCv)
  A troll (D:10)
  A hippogriff (D:8)
  Sigmund (D:2)
  A hungry ghost (D:7)
  A warg (D:10)
  A water moccasin (D:6)
  2 sky beasts
  3 ice beasts
  4 orc warriors
  9 ogres
  A phantom (D:6)
  An eye of draining (D:9)
  3 wolves (D:9)
  4 centaurs
  A big kobold (D:9)
  6 bullfrogs
  A wyvern zombie (D:10)
  3 scorpions
  5 wights (D:7)
  11 killer bees
  A howler monkey (D:5)
  An electric eel (D:9)
  6 crimson imps
  A quasit (D:9)
  2 jellies
  A bullfrog zombie (D:10)
  5 orc priests
  9 hounds
  2 bullfrog skeletons
  12 orc wizards
  2 centaur skeletons (D:5)
  An iguana (D:5)
  11 worker ants
  A hound zombie (D:5)
  A hound skeleton (D:7)
  A worker ant zombie (D:6)
  8 adders
  A shadow imp (D:3)
  8 white imps
  6 ufetubi (IceCv)
  An ooze (D:3)
  2 adder zombies
  3 worms
  A dart slug (D:1)
  3 leopard geckos
  34 orcs
  2 ball pythons
  4 giant cockroaches
  10 goblins
  6 hobgoblins
  15 jackals
  4 quokkas
  7 bats
  3 frilled lizards
  19 kobolds
  A leopard gecko skeleton (D:4)
  A leopard gecko zombie (D:5)
  A quokka skeleton (D:6)
  7 rats
271 creatures vanquished.

Vanquished Creatures (others)
  A reaper (IceCv)
  3 white imps (IceCv)
  4 ufetubi (IceCv)
8 creatures vanquished.

Grand Total: 279 creatures vanquished

Notes
Turn   | Place    | Note
-------+----------+-------------------------------------------
     0 | D:1      | Rrauwl the Formicid Fighter began the quest for the Orb.
     0 | D:1      | Reached XP level 1. HP: 18/18 MP: 1/1
   109 | D:1      | Reached XP level 2. HP: 23/24 MP: 2/2
   316 | D:1      | You fall through a shaft!
   620 | D:2      | Noticed a crimson imp
   643 | D:1      | Killed a crimson imp
   643 | D:1      | Reached XP level 3. HP: 25/30 MP: 3/3
   643 | D:1      | Reached XP level 4. HP: 31/37 MP: 4/4
   977 | D:2      | Noticed Sigmund
  1000 | D:2      | Killed Sigmund
  1000 | D:2      | Reached skill level 3 in Long Blades
  1000 | D:2      | Reached skill level 5 in Shields
  1000 | D:2      | Reached XP level 5. HP: 39/43 MP: 5/5
  1000 | D:2      | Reached XP level 6. HP: 45/49 MP: 6/6
  2011 | D:3      | Found a white marble altar of Elyvilon.
  2012 | D:3      | Found a shadowy altar of Dithmenos.
  2065 | D:4      | Noticed an ogre
  2076 | D:4      | Killed an ogre
  2076 | D:4      | Reached skill level 5 in Fighting
  2076 | D:4      | Reached skill level 5 in Armour
  2076 | D:4      | Reached XP level 7. HP: 52/56 MP: 7/7
  2095 | D:4      | Reached skill level 4 in Long Blades
  2128 | D:4      | Found a hazy altar of Hepliaklqana.
  2285 | D:4      | Found a hide-covered altar of Uskayaw.
  2439 | D:5      | Entered Level 5 of the Dungeon
  2507 | D:5      | Found a shimmering altar of Xom.
  2556 | D:5      | Reached XP level 8. HP: 39/63 MP: 8/8
  2938 | D:6      | Reached skill level 5 in Long Blades
  3070 | D:6      | Reached skill level 1 in Dodging
  3141 | D:6      | Reached XP level 9. HP: 71/71 MP: 9/9
  3742 | D:7      | Reached skill level 6 in Long Blades
  4067 | D:7      | Found a sacrificial altar of Ru.
  4082 | D:7      | Became a worshipper of Ru the Awakened
  4100 | D:7      | Reached skill level 7 in Long Blades
  4565 | D:7      | Found a staircase to the Ecumenical Temple.
  4570 | Temple   | Entered the Ecumenical Temple
  4792 | D:8      | Noticed a hippogriff
  4866 | D:8      | Killed a hippogriff
  4866 | D:8      | Reached XP level 10. HP: 63/79 MP: 10/10
  5250 | D:8      | Reached skill level 8 in Long Blades
  5250 | D:8      | Reached skill level 10 in Shields
  5324 | D:8      | Gained mutation: You are missing a hand. [Ru sacrifice]
  5324 | D:8      | Reached * piety under Ru
  5324 | D:8      | Reached ** piety under Ru
  5324 | D:8      | Reached *** piety under Ru
  5807 | D:8      | Got a pair of jewelled gloves
  5818 | D:8      | Identified the cursed -4 pair of gloves of Fortitude {SInv} (You found it on level 8 of the Dungeon)
  5840 | D:8      | Reached skill level 1 in Evocations
  6121 | D:9      | Gained mutation: You are partially covered in thin metallic scales. (AC +2) [potion of mutation]
  6121 | D:9      | Gained mutation: You have large cloven feet. [potion of mutation]
  6191 | D:9      | Reached skill level 9 in Long Blades
  7229 | D:10     | Entered Level 10 of the Dungeon
  7379 | D:10     | Noticed an unseen horror
  7389 | D:10     | Killed an unseen horror
  7389 | D:10     | Reached skill level 5 in Evocations
  7389 | D:10     | Reached XP level 11. HP: 40/84 MP: 14/14
  7646 | D:10     | Reached skill level 10 in Long Blades
  7965 | D:10     | Found a staircase to the Orcish Mines.
  8065 | D:10     | Gained mutation: You cannot study or cast Ice magic. [Ru sacrifice]
  8065 | D:10     | Gained mutation: You cannot study or cast Necromancy magic. [Ru sacrifice]
  8065 | D:10     | Gained mutation: You cannot study or cast Translocations magic. [Ru sacrifice]
  8065 | D:10     | Reached **** piety under Ru
  8303 | D:10     | Found a staircase to the Lair.
  8606 | Orc:1    | Entered Level 1 of the Orcish Mines
  8762 | Orc:2    | Entered Level 2 of the Orcish Mines
  8762 | Orc:2    | Noticed an ogre mage
  8762 | Orc:2    | Noticed a stone giant
  8762 | Orc:2    | Noticed a two-headed ogre
  8791 | Orc:1    | Found a frozen archway.
  8985 | IceCv    | Entered an ice cave
  9219 | IceCv    | Killed a reaper
  9525 | IceCv    | Reached skill level 11 in Long Blades
 10972 | IceCv    | Slain by an ice devil

Skill      XL: |  1  2  3  4  5  6  7  8  9 10 11 |
---------------+----------------------------------+-----
Shields        | 4 5 6 7 9 0 |  0.0
Fighting       | 4 5 6 7 |  7.0
Long Blades    | 3 4 5 7 9 11 | 11.8
Armour         | 4 5 6 |  6.0
Dodging        | 1 2 |  2.0
Evocations     | 5 6 |  6.0

Action                   |  1- 3 |  4- 6 |  7- 9 | 10-12 || total
-------------------------+-------+-------+-------+-------++-------
Melee: Long sword        |    70 |   176 |   373 |   597 ||  1216
       Kick              |       |       |       |   141 ||   141
Throw: Tomahawk          |       |       |     4 |     6 ||    10
Invok: Sacrifice a Hand  |       |       |       |     1 ||     1
       Draw Out Power    |       |       |       |     2 ||     2
       Sacrifice Arcana  |       |       |       |     1 ||     1
 Abil: Dig               |       |       |       |    21 ||    21
Evoke: Wand              |       |       |     5 |       ||     5
  Use: Potion            |       |     2 |       |    15 ||    17
       Scroll            |       |       |       |    14 ||    14
 Stab: Invisible         |       |       |       |     2 ||     2
       Distracted        |       |       |       |     1 ||     1
  Eat: Chunk             |       |     3 |     9 |    11 ||    23
       Ration            |       |       |     1 |     3 ||     4
Armor: Scale mail        |    14 |       |       |       ||    14
       Plate armour      |    24 |    91 |   191 |   293 ||   599
Dodge: Dodged            |    22 |    43 |    87 |   173 ||   325
       Deflected         |       |       |       |     9 ||     9
Block: Shield            |    45 |    93 |   211 |    80 ||   429
       Rpst.: Long sword |     8 |    16 |    28 |    53 ||   105
